Map: White Rabbit LE

Players

ohcysp - Winner!

  • Race: Terran Terran
  • League: Diamond
  • Spawn Location: 1:00

HoldTheDoor

  • Race: Protoss Protoss
  • League: Diamond
  • Spawn Location: 7:00

VOD

Have the link to the VOD?

Description

Time

  • Played on: May 20, 2026, 11:44 a.m.
  • Length: 5:09
Show
View Real Time Build Order
Export as new Build Order

ohcysp Terran - Winner!

Build Orders:  

Get SALT Encoding   

  12  0:00  SCV  
  13  0:12  SCV  
  14  0:17  Supply Depot  
  14  0:25  SCV  
  15  0:38  SCV  
  15  0:41  Barracks  
  16  0:46  Refinery  
  16  0:50  SCV  
  17  1:03  SCV  
  18  1:23  SCV  
  19  1:29  Supply Depot  
  19  1:35  SCV  
  20  1:46  Engineering Bay  
  20  1:47  SCV  
  21  1:54  Barracks Tech Lab  
  21  2:11  Barracks  
  21  2:24  Stimpack  
  22  2:30  Orbital Command  
  21  2:37  Barracks  
  21  2:41  Marauder  
  23  2:56  Supply Depot  
  23  2:57  SCV  
  24  3:00  Barracks Tech Lab  
  24  3:03  Marauder  
  26  3:09  SCV  
  27  3:21  SCV  
  27  3:23  Concussive Shells  
  27  3:24  Marauder  
  27  3:25  Marauder, Barracks Tech Lab  
  32  3:27  Command Center  
  32  3:34  Supply Depot  
  32  3:37  SCV  
  33  3:44  Marauder  
  33  3:45  Marauder  
  37  3:52  Marauder  
  39  3:57  Supply Depot  
  39  4:05  SCV  
  39  4:06  Marauder  
  39  4:07  Marauder  
  44  4:13  Marauder  
  46  4:19  Supply Depot  
  42  4:48  Marauder  
  46  4:56  SCV  
Show
View Real Time Build Order
Export as new Build Order

HoldTheDoor Protoss 

Build Orders:  

Get SALT Encoding   

  12  0:00  Probe  
  13  0:12  Probe  
  14  0:23  Pylon  
  14  0:24  Probe  
  15  0:38  Probe  
  15  0:42  Gateway  
  16  0:46  Probe  
  16  0:49  Assimilator  
  16  0:55  Probe  
  18  1:07  Probe  
  19  1:19  Probe  
  20  1:32  Probe  
  21  1:47  Cybernetics Core  
  21  1:50  Probe  
  21  1:53  Assimilator  
  22  2:02  Probe  
  23  2:14  Pylon  
  23  2:24  Warp Gate  
  23  2:29  Stalker  
  23  2:30  Nexus  
  23  2:32  Probe  
  26  2:39  Pylon  
  27  2:44  Probe  
  27  2:54  Gateway  
  27  2:56  Probe  
  28  3:02  Sentry, Robotics Facility  
  30  3:08  Probe  
  30  3:10  Pylon  
  31  3:20  Probe  
  32  3:27  Twilight Council  
  32  3:32  Probe  
  33  3:43  Probe  
  33  3:44  Probe  
  35  3:55  Immortal, Probe  
  39  3:56  Probe  
  41  4:08  Probe  
  42  4:13  Gateway  
  42  4:14  Gateway  
  42  4:17  Zealot x2  
  34  4:55  Pylon  
  34  4:57  Pylon  
Tags
 
Add a new tag
Caveats
  • Supply blocks, unpowered buildings, or Contaminate may cause inaccurate times.
  • Supply counts are checked every 10 seconds.